 Dungeon Crawl Stone Soup version 0.25.1-1-g288607f (webtiles) character file.

Game seed: 5874677452393251977

27 RonnieColeman the Conjurer (level 3, -2/21 HPs)
             Began as an Octopode Conjurer on Sept 14, 2020.
             Slain by a hobgoblin
             ... wielding a cursed +0 club
              (3 damage)
             ... on level 1 of the Dungeon.
             The game lasted 00:01:10 (918 turns).

RonnieColeman the Conjurer (Octopode Conjurer)       Turns: 918, Time: 00:01:10

Health: -2/21      AC:  1    Str:  7    XL:     3   Next: 10%
Magic:  7/7        EV: 13    Int: 18    God:
Gold:   42         SH:  0    Dex: 12    Spells: 6/7 levels left

rFire    . . .     SeeInvis .   f - +2 whip (freeze)
rCold    . . .     Gourm    .   (no shield)
rNeg     . . .     Faith    .   (helmet restricted)
rPois    .         Spirit   .   (no amulet)
rElec    .         Reflect  .   (no ring)
rCorr    .         Harm     .   (no ring)
MR       .....                  (no ring)
Stlth    +++.......             (no ring)
HPRegen  0.07/turn              (no ring)
MPRegen  0.10/turn              (no ring)
                                (no ring)
                                (no ring)

@: no status effects
A: almost no armour, stealthy swim, amphibious, 8 rings, constrict 8, camouflage
1, gelatinous body 1
a: no special abilities


You were on level 1 of the Dungeon.
You were not hungry.

You visited 1 branch of the dungeon, and saw 1 of its levels.

You collected 42 gold pieces.

Inventory:

Hand Weapons
 f - a +2 whip of freezing (weapon)
Potions
 c - 3 potions of heal wounds {unknown}
 e - 2 potions of mutation {unknown}
Comestibles
 a - 3 chunks of flesh
 b - 3 rations


   Skills:
 - Level 2.0 Dodging
 - Level 2.6 Stealth
 * Level 2.9 Spellcasting
 + Level 4.3 Conjurations


You had 6 spell levels left.
You knew the following spells:

 Your Spells              Type           Power        Failure   Level  Hunger
a - Magic Dart            Conj           ###.         2%          1    None

Your spell library contained the following spells:

 Spells                   Type           Power        Failure   Level  Hunger
 Searing Ray              Conj           ###...       4%          2    ##.....
 Dazzling Flash           Conj/Hex       ##....       21%         3    ###....
 Fulminant Prism          Conj/Hex       ##........   56%         4    ####...
 Iskenderun's Mystic Bla  Conj/Tloc      ##......     56%         4    ####...


Dungeon Overview and Level Annotations

Branches:
Dungeon (1/15)

Altars:
Okawaru


Innate Abilities, Weirdness & Mutations

You cannot wear most types of armour.
You are very stealthy in the water. (Stealth+)
You are amphibious.
You can wear up to eight rings at the same time.
You can use your tentacles to constrict eight enemies at once.
Your skin changes colour to match your surroundings (Stealth+).
Your rubbery body absorbs attacks. (AC +1, EV +1)


Message History

The hobgoblin hits you with a cursed +0 club!
* * * LOW HITPOINT WARNING * * *
The kobold barely misses you.
A hobgoblin comes into view. It is wielding a +0 club.
The hobgoblin closely misses you. The kobold misses you.
Found 15 gold pieces.
The kobold throws a stone.
The stone closely misses you. The dart slug launches a dart at you.
The slug dart misses you.
The kobold throws a stone.
The stone hits you but does no damage.
You see here a stone.
You see here 10 gold pieces.
A goblin comes into view. It is wielding a +0 dagger.
The goblin shouts!
The kobold hits you with a +0 club.
* * * LOW HITPOINT WARNING * * *
You hit the goblin. You freeze the goblin.
You kill the goblin!
The hobgoblin hits you with a cursed +0 club.
You die...

.#.).).#.......##.......#
##.._..##......#####.#.#######
.#.).).#.......# #.#.......#
.....$.........#
#.#######.####
...###..(......# #.#.# #.#...
#.. #....$.....#
#.#.#####.#.##
##.....#...w.g.### #.#.......#
...........$.Kg.# #.#.#######
#.####.#########@# #.# # ...
#)# #.########## #### #.#
#........รท.. #.# ############
#.. ###


You could see a dart slug, 2 hobgoblins and a kobold.

Vanquished Creatures
  An ooze (D:1)
  A ball python (D:1)
  6 giant cockroaches (D:1)
  3 hobgoblins (D:1)
  2 kobolds (D:1)
  3 bats (D:1)
  A frilled lizard (D:1)
  A goblin (D:1)
  A rat (D:1)
19 creatures vanquished.

Vanquished Creatures (others)
  7 toadstools (D:1)
7 creatures vanquished.

Grand Total: 26 creatures vanquished

Notes
Turn   | Place    | Note
-------+----------+-------------------------------------------
     0 | D:1      | RonnieColeman the Octopode Conjurer began the quest for the
                  | Orb.
     0 | D:1      | Reached XP level 1. HP: 11/11 MP: 3/3
   387 | D:1      | Reached XP level 2. HP: 16/17 MP: 5/5
   847 | D:1      | Reached XP level 3. HP: 19/21 MP: 7/7
   898 | D:1      | Found an iron altar of Okawaru.
   916 | D:1      | HP: 1/21 [kobold/+0 club (3)]
   918 | D:1      | Slain by a hobgoblin

Illustrated notes

Levels and vault maps discovered:
D:1:      nagdon_arrival_zigzag_paths, layout_basic, okawaru_ov_weapons_minmay

Action                   || total
-------------------------++-------
Melee: Unarmed           ||    12
       Constrict         ||    14
       Hand axe          ||    37
       Tentacles         ||     5
       Whip              ||     7
 Cast: Magic Dart        ||     3
 Stab: Sleeping          ||     5
       Distracted        ||     1
Armor: Skin              ||    11
Dodge: Dodged            ||    46
